 Dungeon Sprint DCSS version 0.24.0-37-gcf1ca852f1 (webtiles) character file.

Game seed: 5434992574245607803, levelgen mode: deterministic

1010 Cryoshakespeare the Cleaver (level 8, -2/79 HPs)
             Began as a Hill Orc Fighter on Nov 23, 2019.
             Was a Follower of Uskayaw.
             Succumbed to Sonja's poison
             ... in the Dungeon (Sprint I: "Red Sonja").
             The game lasted 00:02:16 (598 turns).

Cryoshakespeare the Cleaver (Hill Orc Fighter)       Turns: 598, Time: 00:02:17

Health: -2/79      AC:  8    Str: 26    XL:     8   Next: 21%
Magic:  7/13       EV:  8    Int:  8    God:    Uskayaw [*.....]
Gold:   162        SH: 12    Dex: 10    Spells: 7/7 levels left

rFire    . . .     SeeInvis .   a - +0 war axe
rCold    . . .     Gourm    .   c - +0 shield
rNeg     . . .     Faith    .   b - +0 scale mail
rPois    .         Spirit   .   (no helmet)
rElec    .         Reflect  .   (no cloak)
rCorr    .         Harm     .   (no gloves)
MR       .....     NoTele   +   (no boots)
Stlth    ..........             (no amulet)
HPRegen  0.23/turn              (no ring)
MPRegen  0.13/turn              (no ring)

@: mighty, lethally poisoned (-2 -> -54)
A: no striking features
a: Stomp, Renounce Religion


You were in the Dungeon.
You worshipped Uskayaw.
Uskayaw was noncommittal.
You were not hungry.

You visited 1 branch You collected 162 gold pieces.

Inventory:

Hand Weapons
 a - a +0 war axe (weapon)
Armour
 b - a +0 scale mail (worn)
 c - a +0 shield (worn)
Scrolls
 k - a scroll of blinking
Potions
 h - a potion of haste
 i - 2 potions of magic
Comestibles
 f - 2 rations
 j - 3 chunks of flesh


   Skills:
 - Level 9.7 Fighting
 * Level 13.4 Axes
 - Level 9.0 Armour
 + Level 8.9 Shields
 * Level 6.7 Invocations


You had 7 spell levels left.
You didn't know any spells.
Your spell library was empty.

Dungeon Overview and Level Annotations

Branches:
Dungeon (1/1)

Altars:
Cheibriados
Dithmenos
Elyvilon
Fedhas
Gozag
Hepliaklqana
Kikubaaqudgha
Nemelex Xobeh
Okawaru
Qazlal
Ru
Sif Muna
Trog
Uskayaw
Vehumet
Wu Jian
Yredelemnul
Zin
The Shining One

Shops:
D ?


Message History

You have reached level 8!
* * * LOW HITPOINT WARNING * * *
You feel very sick.
You can now stomp with the beat.
Unknown command.
* * * LOW HITPOINT WARNING * * *
You feel very sick.
Things that are here:
a +2 short sword of venom; 7 curare-tipped darts; the kobold corpse of Sonja Unknown command.
* * * LOW HITPOINT WARNING * * *
You feel very sick.
Unknown command.
Okay, then.
There is a lethal amount of poison in your body!
Okay, then.
Okay, then.
* * * LOW HITPOINT WARNING * * *
You feel very sick.
You die...

################
#<.#..)..#..'..#
#..').#..').#..+
#..#####'#####'#
#..####..# #)#
#..#__#### ##.#
#..#_____##+#_.+
#⌠⌠#_.∩...÷.@._#
####_..__##_)#'#
#_____###'# #
####### #(#
+$.$+ #$.$#
##.## #+#


There were no monsters in sight!

Vanquished Creatures
  Sonja (D)
  Sigmund (D)
  A yak (D)
  An ogre (D)
  A jelly (D)
  Ijyb (D)
6 creatures vanquished.

Notes
Turn   | Place    | Note
-------+----------+-------------------------------------------
     0 | D        | Cryoshakespeare the Hill Orc Fighter began the quest for
                  | the Orb.
     0 | D        | Reached XP level 1. HP: 19/19 MP: 1/1
     1 | D        | Noticed Ijyb
    18 | D        | Killed Ijyb
    18 | D        | Reached skill level 5 in Axes
    18 | D        | Reached XP level 2. HP: 19/28 MP: 2/2
    18 | D        | Reached XP level 3. HP: 24/34 MP: 3/3
   108 | D        | Noticed an ogre
   114 | D        | Killed an ogre
   114 | D        | Reached skill level 8 in Axes
   114 | D        | Reached skill level 5 in Armour
   114 | D        | Reached skill level 5 in Shields
   114 | D        | Reached XP level 4. HP: 32/44 MP: 4/4
   208 | D        | Noticed Sigmund
   247 | D        | Killed Sigmund
   247 | D        | Reached skill level 10 in Axes
   247 | D        | Reached XP level 5. HP: 22/52 MP: 5/5
   247 | D        | Reached XP level 6. HP: 25/60 MP: 6/6
   464 | D        | Found an ornate altar of the Wu Jian Council.
   464 | D        | Found a shimmering blue altar of Sif Muna.
   466 | D        | Found a radiant altar of Vehumet.
   475 | D        | Found Golucau's Magic Scroll Emporium.
   475 | D        | Found an ancient bone altar of Kikubaaqudgha.
   475 | D        | Found a hazy altar of Hepliaklqana.
   475 | D        | Found a stormy altar of Qazlal.
   475 | D        | Found a hide-covered altar of Uskayaw.
   475 | D        | Found a blossoming altar of Fedhas.
   475 | D        | Found a bloodstained altar of Trog.
   475 | D        | Found an iron altar of Okawaru.
   475 | D        | Found a basalt altar of Yredelemnul.
   475 | D        | Found a glowing golden altar of the Shining One.
   475 | D        | Found a snail-covered altar of Cheibriados.
   475 | D        | Found a sacrificial altar of Ru.
   475 | D        | Found a glowing silver altar of Zin.
   475 | D        | Found a shadowy altar of Dithmenos.
   475 | D        | Found a white marble altar of Elyvilon.
   475 | D        | Noticed a yak
   486 | D        | Killed a yak
   486 | D        | Reached skill level 11 in Axes
   486 | D        | Reached XP level 7. HP: 57/69 MP: 7/7
   487 | D        | Found an opulent altar of Gozag.
   490 | D        | Found a sparkling altar of Nemelex Xobeh.
   495 | D        | Became a worshipper of Uskayaw the Reveler
   543 | D        | Noticed Sonja
   594 | D        | Killed Sonja
   594 | D        | Reached skill level 13 in Axes
   594 | D        | Reached XP level 8. HP: 21/79 MP: 7/13
   594 | D        | Reached * piety under Uskayaw
   597 | D        | HP: 2/79 [poisoned by Sonja]
   598 | D        | Succumbed to Sonja's poison

Levels and vault maps discovered:
D:        dungeon_sprint_1 [red_sonja_temple_1, red_sonja_temple_small_1]

Skill      XL: |  1  2  3  4  5  6  7 |
---------------+----------------------+-----
Fighting       | 4 6 7 8 9 |  9.7
Axes           | 5 8 10 11 13 | 13.4
Armour         | 4 5 7 9 |  9.0
Shields        | 4 5 6 7 8 |  8.9
Invocations    | 6 |  6.7

Action                   |  1- 3 |  4- 6 |  7- 9 || total
-------------------------+-------+-------+-------++-------
Melee: War axe           |    21 |    45 |     4 ||    70
  Use: Potion            |       |     2 |     2 ||     4
Armor: Scale mail        |     7 |     8 |     3 ||    18
Dodge: Dodged            |     5 |     1 |     4 ||    10
Block: Shield            |    10 |    11 |     8 ||    29
